AoeStats
← 嘉宝叔叔

Arena

509345763Analyzed
1v1 RM · 7d ago on Sep 26, 2026· 54m 8s· 2 players
Game mode
Random Map
Map size
Tiny (2 player)
Population
200
Speed
Normal
Resources
Standard
Victory
Conquest
Starting age
Dark Age
Ending age
Imperial Age
RankedLock teamsTeams togetherTeam positionsShared explorationLock speedFull tech treeHidden civsTurbo modeCheats
Victory
Defeat
🇨🇳 Italians · China
1290
+25
🇨🇳 Khmer · China
1254
-14
神采飞扬
10:35 Loom
12:27 Feudal Age
15:45 Castle Age
13:53 Horse Collar
15:29 Double-Bit Axe
20:40 Ballistics
21:46 Husbandry
30:29 Devotion
33:12 Bloodlines
35:10 Town Watch
41:57 Gold Mining
41:58 Stone Mining
45:15 Scale Barding Armor
46:57 Fletching
51:57 Gold Shaft Mining
51:41 Fervor
52:57 Chain Barding Armor
52:59 Bow Saw
52:56 Tusk Swords
53:54 Forging
嘉宝叔叔
10:26 Feudal Age
14:35 Castle Age
13:03 Double-Bit Axe
13:44 Horse Collar
14:36 Loom
17:38 Bow Saw
18:59 Gold Mining
19:04 Fletching
24:14 Town Watch
27:57 Sanctity
30:30 Sanctity
36:31 Sanctity
41:55 Wheelbarrow
44:22 Hand Cart
47:52 Imperial Age
45:37 Padded Archer Armor
48:38 Stone Mining
48:28 Capped Ram
50:46 Chemistry
51:04 Ballistics
51:32 Bodkin Arrow
52:03 Heavy Plow
52:47 Bracer
54:25 Two-Man Saw
53:01 Elite Genoese Crossbowman
54:02 Leather Archer Armor
54:26 Conscription
Connection lost

Rejoining the realm…

Still unreachable

The connection could not be restored.

Session expired

The server has moved on; the page needs a fresh start.